 Dungeon Crawl Stone Soup version 0.30-a0-4-ga7cffc901d (webtiles) character file.

Game seed: 3747431565535627377

6 voltaire321 the Sneak (level 1, 0/19 HPs)
             Began as a Draconian Delver on Aug 20, 2022.
             Slain by a howler monkey (7 damage)
             ... on level 4 of the Dungeon.
             The game lasted 00:01:52 (452 turns).

voltaire321 the Sneak (Draconian Delver)             Turns: 452, Time: 00:01:53

Health: 0/19       AC:  4    Str: 14    XL:     1   Next: 75%
Magic:  1/1        EV: 12    Int: 10    God:
Gold:   4          SH:  0    Dex: 12    Spells: 0/0 levels left

rFire   . . .      SeeInvis .    a - +0 short sword
rCold   . . .      Faith    .    (no shield)
rNeg    . . .      Spirit   .    (body armour unavailable)
rPois   .          Reflect  .    (helmet restricted)
rElec   .          Harm     .    (no cloak)
rCorr   .          Rampage  .    (no gloves)
Will    .....                    (no boots)
Stlth   +++.......               (no amulet)
HPRegen 0.06/turn                (no ring)
MPRegen 0.07/turn                (no ring)

@: no status effects
A: AC +4, unfitting armour, cold-blooded
a: no special abilities


You were on level 4 of the Dungeon.
You visited 1 branch of the dungeon, and saw 2 of its levels.

You collected 4 gold pieces.

Inventory:

Hand Weapons
 a - a +0 short sword (weapon)
Wands
 f - a wand of digging (3)
Scrolls
 b - a scroll of fog
 c - a scroll of magic mapping
 d - a scroll of fear
Potions
 e - 2 potions of haste


   Skills:
 + Level 3.4 Fighting
 + Level 2.1 Short Blades
 + Level 1.9 Dodging
 + Level 4.6 Stealth
 + Level 0.1 Spellcasting


You couldn't memorise any spells.
You didn't know any spells.
Your spell library contained the following spells:

 Spells                   Type           Power      Damage    Failure   Level
 Magic Dart               Conj           0%         1d3       36%         1
 Call Imp                 Summ           0%         N/A       50%         2
 Mephitic Cloud           Conj/Pois/Air  0%         N/A       75%         3


Dungeon Overview and Level Annotations

Branches:
Dungeon (5/15)
 Temple: D:4-7

Altars:
Xom

Annotations:
D:4 Blork the orc


Innate Abilities, Weirdness & Mutations

Your plain brown scales are hard. (AC +4)
You cannot fit into any form of body armour.
You are cold-blooded and may be slowed by cold attacks.


Message History

You see here a quokka corpse.
You start resting.
HP restored.
You open the door.
There is an open door here.
There is an open door here.
You open the door.
A black bear comes into view.
The black bear growls angrily.
You hear a shout!
Found a scroll labelled REPSIS OLINAY and a spear.
You close the door.
An endoplasm comes into view.
There is an open door here.
The helpless endoplasm fails to defend itself.
You impale the endoplasm!!
You kill the endoplasm!
Found a smoky yellow potion.
Found an escape hatch in the floor.
A howler monkey comes into view.
The howler monkey howls!
The howler monkey hoots and howls with incredible vigour!
You hear a shout!
An ufetubus comes into view.
You see here a smoky yellow potion.
The howler monkey hoots and howls with incredible vigour!
A quokka comes into view.
The howler monkey hits you but does no damage.
You hear an angry hiss.
You hear a shout!
You hear an angry hiss. x2
The howler monkey hits you.
You closely miss the quokka.
Your tail-slap misses the quokka.
The howler monkey hits you.
The quokka bites you but does no damage.
Found a shimmering altar of Xom.
The howler monkey hits you. The quokka bites you. The quokka bites you.
The ufetubus barely misses you. The ufetubus closely misses you.
The howler monkey attacks as you move away!
The howler monkey closely misses you. The quokka barely misses you. x2
The howler monkey hits you!
You die...

..............#
..............#
.............. ###
##....#####'# #### ...
#....###>..###..# #.##
#...............##...##
#..........!...##.....#
#.............r#.......
#............5h@..._...
###...##########.......
#...# #.....# #.....
#...## #..... #.##
#.... ... ###


You could see a howler monkey, an ufetubus and a quokka.

Vanquished Creatures
  An orc (D:5)
  A ball python (D:4)
  An endoplasm (D:4)
  A quokka (D:4)
4 creatures vanquished.

Notes
Turn   | Place    | Note
-------+----------+-------------------------------------------
     0 | D:5      | voltaire321 the Draconian Delver began the quest for the
                  | Orb.
     0 | D:5      | Reached XP level 1. HP: 19/19 MP: 1/1
   286 | D:5      | Noticed a phantom
   329 | D:4      | Noticed an iguana
   339 | D:4      | Noticed Blork the orc
   426 | D:4      | Noticed a black bear
   443 | D:4      | Noticed a howler monkey
   450 | D:4      | Found a shimmering altar of Xom.
   452 | D:4      | Slain by a howler monkey

Illustrated notes

Levels and vault maps discovered:
D:4:      minmay_chambers_of_fours, layout_gridville, lemuel_round_altar,
          nrook_mini_backslash, uniq_blork_the_orc
D:5:      layout_layer_cave, nicolae_shop_clearance, uniq_menkaure

Action                   || total
-------------------------++-------
Melee: Short sword       ||    18
       Tailslap          ||     2
 Stab: Sleeping          ||     2
Armor: Skin              ||     3
Dodge: Dodged            ||    15

Table legend: (Time is in decaauts)
 A = Elapsed time spent in this place.
 B = Non-inter-level travel time spent in this place.
 C = Inter-level travel time spent in this place.
 D = Time resting spent in this place.
 E = Time spent auto-exploring this place.
 F = Levels seen in this place.
 G = Mean time per level.
                   A        B        C        D        E       F      G
               +--------+--------+--------+--------+--------+-----+--------+
         Total |    451 |    451 |      0 |    265 |      0 |   2 |  225.5 |
       Dungeon |    451 |    451 |      0 |    265 |      0 |   2 |  225.5 |
               +--------+--------+--------+--------+--------+-----+--------+

Top non-repeatable levels by time:
     D:5: 307 daAuts
     D:4: 144 daAuts
